 Dungeon Crawl Stone Soup version 0.31-a0-986-g5e6e4ef867 (webtiles) character file.

Game seed: 16374675018774765520

3434 croobank the Chiller (level 9, -2/72 HPs)
             Began as a Demigod Delver on Nov 10, 2023.
             Slain by a white ugly thing (11 damage)
             ... on level 8 of the Dungeon.
             The game lasted 00:23:54 (8237 turns).

croobank the Chiller (Demigod Delver)               Turns: 8237, Time: 00:23:55

Health: -2/72      AC: 11    Str: 13    XL:     9   Next: 48%
Magic:  20/22      EV: 13    Int: 24    God:
Gold:   331        SH:  0    Dex: 15    Spells: 11/21 levels left

rFire   . . .        q - +2 dagger (venom)
rCold   + . .        (no shield)
rNeg    . . .        M - +3 leather armour {rF+}
rPois   .            (no helmet)
rElec   .            D - +0 cloak
rCorr   .            O - +2 pair of gloves
SInv    .            E - +0 pair of boots
Will    .....        (no amulet)
Stlth   +++          S - ring of ice
HPRegen 0.32/turn    t - ring of wizardry
MPRegen 0.18/turn

%: wizardry (x1)
@: no status effects
A: high MP 1, forlorn, divine attributes
a: no special abilities


You were on level 8 of the Dungeon.
You visited 1 branch of the dungeon, and saw 8 of its levels.

You collected 373 gold pieces.
You spent 42 gold pieces at shops.

Inventory:

Hand Weapons
 a - a +1 morningstar of protection
 o - a +1 short sword of venom
 q - a +2 dagger of venom (weapon)
 A - a +1 vampiric short sword
 C - a +4 quarterstaff of chaos
 F - a +0 war axe
 I - a +1 short sword of holy wrath
Missiles
 b - 6 curare-tipped darts
 H - 10 boomerangs
 P - 13 poisoned darts
Armour
 D - a +0 cloak (worn)
 E - a +0 pair of boots (worn)
 L - a +0 buckler
 M - a +3 leather armour of fire resistance (worn)
 O - a +2 pair of gloves (worn)
Magical Staves
 r - a staff of death
 J - a staff of cold
Jewellery
 f - a ring of resist corrosion
 t - a ring of wizardry (right hand)
 w - a ring of fire
 K - an amulet of regeneration
 S - a ring of ice (left hand)
Talismans
 k - a blade talisman
 y - a flux talisman
Wands
 g - a wand of digging (2)
 G - a wand of polymorph (9)
 R - a wand of iceblast (4)
Scrolls
 c - 2 scrolls of fog
 d - a scroll of revelation
 e - 3 scrolls of immolation
 h - 3 scrolls of noise
 l - 2 scrolls of poison
 p - a scroll of teleportation
 u - a scroll of enchant armour
 Q - a scroll of identify
Potions
 i - a potion of enlightenment
 j - 5 potions of curing
 m - a potion of lignification
 n - 2 potions of brilliance
 s - a potion of might
 v - a potion of haste
 x - 3 potions of mutation {unknown}
 z - a potion of invisibility {unknown}
 B - 2 potions of attraction {unknown}
 N - 3 potions of heal wounds


   Skills:
 + Level 4.6 Fighting
 + Level 4.0 Short Blades
 + Level 4.1 Dodging
 + Level 6.1 Stealth
 * Level 3.9 Shields
 + Level 6.7 Spellcasting
 + Level 2.9 Hexes
 + Level 7.3 Ice Magic


You had 11 spell levels left.
You knew the following spells:

 Your Spells              Type           Power      Damage    Failure   Level
a - Frozen Ramparts       Ice            100%       1d16      1%          3
b - Ensorcelled Hibernat  Hex/Ice        98%        N/A       1%          2
c - Metabolic Englaciati  Hex/Ice        24%        N/A       12%         5

Your spell library contained the following spells:

 Spells                   Type           Power      Damage    Failure   Level
 Tukima's Dance           Hex            22%        N/A       3%          3
 Magic Dart               Conj           32%        1d4       4%          1
 Passwall                 Tmut/Erth      6%         N/A       6%          2
 Searing Ray              Conj           16%        2d5       6%          2
 Swiftness                Air            8%         N/A       12%         3
 Dimensional Bullseye     Hex/Tloc       7%         N/A       21%         4
 Fulminant Prism          Conj/Hex       7%         3d7       21%         4
 Iskenderun's Mystic Bla  Conj/Tloc      8%         2d4       34%         4
 Petrify                  Tmut/Erth      8%         N/A       34%         4


Dungeon Overview and Level Annotations

Branches:
Dungeon (8/15)             Temple (0/1) D:4
   Lair: D:8-11

Shops:
D:2 [?

Annotations:
D:7 2 transporters, lunkers's ghost, novice MeSh


Innate Abilities, Weirdness & Mutations

You have an increased reservoir of magic. (+10% MP)
You shall have no god before yourself.
Your divine heritage dramatically boosts your attributes as you level up.


Message History

Okay, then.
Unknown command.
Aiming: Iceblast
Press: ? - help, Shift-Dir - straight line, f - white ugly thing
Aim: a white ugly thing The mass of ice explodes!
The iceblast engulfs the white ugly thing!
The white ugly thing partially resists.
The white ugly thing is lightly wounded.
You hear a shout! x4
Aiming: Iceblast
Press: ? - help, Shift-Dir - straight line, p - white ugly thing You can't see that place. [a stone staircase leading down.]
Okay, then.
Aiming: Iceblast
Press: ? - help, Shift-Dir - straight line, f/p - white ugly thing
Aim: a white ugly thing (lightly wounded)
The mass of ice explodes!
The iceblast engulfs the white ugly thing!
The white ugly thing partially resists.
The white ugly thing is moderately wounded.
You hear a shout!
You hear a howl!
You hear a shout!
You hit the white ugly thing.
The white ugly thing is moderately wounded.
The white ugly thing closely misses you.
You hit the white ugly thing.
The white ugly thing is poisoned.
The white ugly thing is moderately wounded.
The white ugly thing engulfs you. The white ugly thing freezes you! You resist.
You hit the white ugly thing but do no damage.
The white ugly thing looks as sick as possible!
The white ugly thing is moderately wounded.
The white ugly thing engulfs you! The white ugly thing freezes you! You resist.
* * * LOW HITPOINT WARNING * * *
You barely miss the white ugly thing.
The white ugly thing is heavily wounded.
The white ugly thing engulfs you.
* * * LOW HITPOINT WARNING * * *
The white ugly thing freezes you! You resist.
You die...

.... #..<...# ....#
#......#
.....##......#
#............#
............#
#......# .
#...#.###..
...######.#.......#
..[...u@...........
.......###.....####
..########†.#......
....##...†.#..###.
......>........#
.....[.....##..#
.......<...###.#
................
.........^####.#


You could see a white ugly thing (extremely poisoned).

Vanquished Creatures
  Pikel (D:7)
  The ghost of justen the Changeling, a novice MfSh of Xom (D:6)
  Prince Ribbit (D:7)
  A steam dragon (D:7)
  3 black bears
  A sky beast (D:7)
  3 ice beasts
  A lemure (D:7)
  A centaur (D:7)
  A kobold brigand (D:5)
  4 bullfrogs
  3 scorpions
  6 killer bees (D:8)
  A howler monkey (D:6)
  A hound (D:5)
  A jelly (D:7)
  Crazy Yiuf (D:3)
  An orc priest (D:5)
  A sleepcap (D:6)
  5 iguanas
  Terence (D:3)
  2 orc wizards
  Robin (D:3)
  4 gnolls
  10 adders
  A white imp (D:7)
  2 ufetubi (D:7)
  2 worms (D:6)
  9 dart slugs (D:5)
  9 orcs
  6 ball pythons
  9 bats
  13 endoplasms
  2 giant cockroaches
  13 goblins
  11 hobgoblins
  6 jackals
  5 quokkas
  7 frilled lizards
  23 kobolds
  12 rats
186 creatures vanquished.

Notes
Turn   | Place    | Note
-------+----------+-------------------------------------------
     0 | D:5      | croobank the Demigod Delver began the quest for the Orb.
     0 | D:5      | Reached XP level 1. HP: 18/18 MP: 3/3
    59 | D:7      | Noticed a black bear
   132 | D:6      | Noticed an iguana
   150 | D:6      | Noticed a scorpion
   319 | D:3      | Reached XP level 2. HP: 25/25 MP: 4/4
   371 | D:2      | Found Usos Setea's Magic Scroll Shop.
   379 | D:2      | Bought a scroll of identify for 28 gold pieces
   379 | D:2      | Bought a scroll of noise for 14 gold pieces
   709 | D:1      | Reached XP level 3. HP: 24/31 MP: 5/5
  1437 | D:1      | Reached skill level 5 in Spellcasting
  1437 | D:1      | Reached skill level 6 in Ice Magic
  1437 | D:1      | Reached XP level 4. HP: 35/38 MP: 5/15
  1891 | D:2      | Learned a level 2 spell: Ensorcelled Hibernation
  1916 | D:2      | Found Tyfilom's Antique Armour Emporium.
  1933 | D:2      | Learned a level 3 spell: Frozen Ramparts
  2074 | D:2      | Reached XP level 5. HP: 45/45 MP: 16/16
  2078 | D:2      | Reached skill level 5 in Stealth
  2615 | D:3      | Noticed Robin
  2625 | D:3      | Noticed Terence
  2626 | D:3      | Killed Robin
  2642 | D:3      | Killed Terence
  3178 | D:3      | Found a runed translucent door.
  3179 | D:3      | Noticed Crazy Yiuf
  3189 | D:3      | Killed Crazy Yiuf
  3535 | D:3      | Reached XP level 6. HP: 51/51 MP: 14/18
  3564 | D:3      | Learned a level 5 spell: Metabolic Englaciation
  3877 | D:4      | Found a staircase to the Ecumenical Temple.
  4006 | D:4      | Reached skill level 1 in Hexes
  4811 | D:5      | Reached XP level 7. HP: 48/57 MP: 13/19
  5547 | D:5      | Reached skill level 1 in Shields
  5677 | D:5      | Noticed an angel
  6387 | D:6      | Found a runed translucent door.
  6388 | D:6      | Noticed justen's ghost (novice MfSh)
  6408 | D:6      | Killed justen's ghost
  6409 | D:6      | Reached skill level 7 in Ice Magic
  6409 | D:6      | Reached XP level 8. HP: 48/66 MP: 16/21
  7170 | D:7      | Found the +7 lajatang of Order {silver, rMut}
  7182 | D:7      | Noticed Pikel
  7195 | D:7      | Killed Pikel
  7391 | D:7      | Reached XP level 9. HP: 70/72 MP: 18/22
  7564 | D:7      | Found a transporter.
  7567 | D:7      | Noticed lunkers's ghost (novice MeSh)
  7601 | D:7      | Found a transporter.
  7828 | D:7      | Noticed Prince Ribbit
  7837 | D:7      | Killed Prince Ribbit
  8228 | D:8      | Noticed a white ugly thing
  8237 | D:8      | Slain by a white ugly thing

Illustrated notes

Levels and vault maps discovered:
D:1:      onia_arrival_handbag, layout_loops_ring, hangedman_decor_growths,
          st_stairs_6, minmay_tetromino_i2
D:2:      cheibrodos_old_hovel, layout_loops_ring, serial_shops,
          nicolae_shop_statue_plus, shop, nicolae_the_louvre
D:3:      layout_basic, grunt_temple_overflow_forces_of_nature,
          okawaru_altar_gauntlet_db, shapermc_ecumenical_altar_flowoftime,
          nicolae_kite_square_tiling_tiny, due_unseen_surprise,
          uniq_crazy_yiuf_cottage, uniq_robin, uniq_terence
D:4:      layout_loops_cross, minmay_temple_entry_purple_smoke,
          nicolae_twisty_statue_hallways
D:5:      kennysheep_slugbush, layout_layer_cave, zin_angel
D:6:      layout_loops_ring, cheibrodos_sewer_entry_bend, ebering_ghost_sewer_d
D:7:      layout_loops_ring, gammafunk_ghost_stat_death, uniq_pikel,
          uniq_prince_ribbit1
D:8:      layout_rooms, due_lair_maze_entry_diamond, uniq_erica, uniq_maurice

Skill      XL: |  1  2  3  4  5  6  7  8  9 |
---------------+----------------------------+-----
Short Blades   | 2 3 4 |  4.0
Dodging        | 2 3 4 |  4.1
Fighting       | 3 4 |  4.6
Spellcasting   | 5 6 |  6.7
Ice Magic      | 6 7 |  7.3
Stealth        | 5 6 |  6.1
Hexes          | 1 2 |  2.9
Shields        | 2 3 |  3.9

Action                     |  1- 3 |  4- 6 |  7- 9 || total
---------------------------+-------+-------+-------++-------
  Melee: Short sword       |   190 |    59 |       ||   249
         Punch             |     3 |       |     1 ||     4
         Dagger            |       |    52 |   142 ||   194
         Staff             |       |    29 |    15 ||    44
   Cast: Frozen Ramparts   |       |    30 |    22 ||    52
         Ensorcelled Hiber |       |    15 |     9 ||    24
         Metabolic Englaci |       |       |     1 ||     1
  Evoke: Wand              |       |     1 |     2 ||     3
    Use: Potion            |     3 |     1 |       ||     4
         Scroll            |     6 |     4 |     9 ||    19
   Stab: Sleeping          |    12 |     9 |     7 ||    28
         Distracted        |     1 |       |       ||     1
 Armour: Leather armour    |    85 |    90 |    91 ||   266
  Dodge: Dodged            |    97 |    87 |    95 ||   279

Table legend: (Time is in decaauts)
 A = Elapsed time spent in this place.
 B = Non-inter-level travel time spent in this place.
 C = Inter-level travel time spent in this place.
 D = Time resting spent in this place.
 E = Time spent auto-exploring this place.
 F = Levels seen in this place.
 G = Mean time per level.
                   A        B        C        D        E       F      G
               +--------+--------+--------+--------+--------+-----+--------+
         Total |   8186 |   7951 |    235 |    969 |   5367 |   8 | 1023.2 |
       Dungeon |   8186 |   7951 |    235 |    969 |   5367 |   8 | 1023.2 |
               +--------+--------+--------+--------+--------+-----+--------+

Top non-repeatable levels by time:
     D:5: 1603 daAuts
     D:1: 1290 daAuts
     D:7: 1226 daAuts
     D:6: 1220 daAuts
     D:3: 1027 daAuts
     D:2: 943 daAuts
     D:4: 820 daAuts
     D:8: 52 daAuts
